cohdb
Replays
Latest Replays
All Replays
Popular Replays
Top Player Replays
Match Explorer
How It Works
Community
CoH3 Stats
Reddit
Sign in to upload your games and track your stats! →
Sign in with Steam
Match 45649086
Unlisted
Match 45649086
Overview
Messages
Build Orders
End
Panzerpioneer Squad
Panzerpioneer Squad
250 Light Carrier
Selects Panzerjäger Kommand Battlegroup
Selects Blockade Equipment
Construct Light Support Kompanie
Assault Grenadier Squad
Combat Half-tracks
Fire Support Elements
Panzerjäger Mechanized Group
Selects Tank Busters
2.5-tonne Medical Truck
Flakvierling Half-track
Vehicle Survival Package
Veteran Squad Leaders
Selects Crew Shock Tactics
Panzerjäger Mechanized Group
Construct Panzerarmee Kommand
Emergency Repair Kits
Rapid Advance
Walking Stuka Rocket Launcher
Selects Anti-tank Overwatch
Anti-tank Overwatch
Armored Reserves
Advanced Optics
Tungsten Core Ammunition
Selects Defensive Positions
Tiger Heavy Tank
Selects Butterfly Bomb Drop
Advanced Field Repairs
Forward Retreat Point
Mr.Faraam
Well met!
FLOKL
Qhunter
Spartako
7k this year for sure
0
0
Comments
sign in to comment!
No comments posted yet!